 Dungeon Crawl Stone Soup version 0.29.1-15-g9cfb28693d (webtiles) character file.

Game seed: 16515557897179900522

3420 Peloso the Carver (level 9, 0/78 HPs)
             Began as a Minotaur Fighter on Mar 18, 2023.
             Slain by a hornet (2 damage)
             ... on level 7 of the Dungeon.
             The game lasted 00:09:12 (6899 turns).

Peloso the Carver (Minotaur Fighter)                Turns: 6899, Time: 00:09:12

Health: 0/78       AC: 21    Str: 22 (24) XL:     9   Next: 76%
Magic:  8/8        EV:  7    Int:  3 (5)  God:
Gold:   276        SH:  0    Dex:  9 (11) Spells: 8/8 levels left

rFire   + . .      SeeInvis .   a - +1 long sword (spect)
rCold   . . .      Faith    .   c - +0 buckler
rNeg    . . .      Spirit   .   p - +0 plate armour
rPois   .          Reflect  .   (helmet restricted)
rElec   .          Harm     .   (no cloak)
rCorr   +          Rampage  .   r - +0 pair of gloves
Will    .....                   o - +0 pair of boots
Stlth   ..........              (no amulet)
HPRegen 0.23/turn               i - ring of resist corrosion
MPRegen 0.11/turn               z - +4 ring of protection

@: confused, lethally poisoned (0 -> -4), about to teleport, hasted, very quick
A: horns 2, retaliatory headbutt, fire resistance 1
a: no special abilities


You were on level 7 of the Dungeon.
You visited 2 branches of the dungeon, and saw 8 of its levels.

You collected 276 gold pieces.

Inventory:

Hand Weapons
 a - a +1 spectral long sword (weapon)
Armour
 b - a +0 chain mail
 c - a +0 buckler (worn)
 o - a +0 pair of boots (worn)
 p - a +0 plate armour (worn)
 r - a +0 pair of gloves (worn)
Jewellery
 i - a ring of resist corrosion (left hand)
 q - a +6 ring of dexterity
 z - a +4 ring of protection (right hand)
 D - a ring of ice
Wands
 f - a wand of charming (12)
 y - a wand of light (17)
 C - a wand of mindburst (11)
Scrolls
 m - a scroll of poison
 n - a scroll of acquirement
 u - a scroll of brand weapon
 v - 2 scrolls of noise {unknown}
 x - a scroll of immolation {unknown}
 A - a scroll of identify
 B - a scroll of vulnerability {unknown}
Potions
 d - 3 potions of might
 e - 6 potions of mutation
 g - a potion of resistance
 h - a potion of cancellation
 j - a potion of berserk rage {unknown}
 k - a potion of heal wounds {unknown}
 l - 3 potions of haste
 s - a potion of degeneration
 t - a potion of magic {unknown}


   Skills:
 + Level 6.7 Fighting
 + Level 10.7 Long Blades
 + Level 10.2 Armour
 + Level 2.2 Dodging
 + Level 2.3 Stealth
 + Level 6.3 Shields


You had 8 spell levels left.
You didn't know any spells.
Your spell library contained the following spells:

 Spells                   Type           Power      Damage    Failure   Level
 Freeze                   Ice            0%         1d3       100%        1
 Summon Small Mammal      Summ           0%         N/A       100%        1
 Ensorcelled Hibernation  Hex/Ice        0%         N/A       100%        2
 Passwall                 Tmut/Erth      0%         N/A       100%        2
 Call Canine Familiar     Summ           0%         N/A       100%        3
 Frozen Ramparts          Ice            0%         1d1       100%        3
 Summon Guardian Golem    Hex/Summ       0%         N/A       100%        3
 Swiftness                Air            0%         N/A       100%        3
 Airstrike                Air            0%         2d(0-16)  100%        4
 Hailstorm                Conj/Ice       0%         3d3       100%        4
 Summon Lightning Spire   Summ/Air       0%         N/A       100%        4
 Lightning Bolt           Conj/Air       0%         1d11      100%        5


Dungeon Overview and Level Annotations

Branches:
Dungeon (7/15)             Temple (1/1) D:4

Altars:
Ashenzari
Cheibriados
Dithmenos
Elyvilon
Fedhas
Gozag
Hepliaklqana
Kikubaaqudgha
Makhleb
Nemelex Xobeh
Qazlal
Sif Muna
Trog
Uskayaw
Vehumet
Wu Jian
Xom
Yredelemnul
Zin
The Shining One

Shops:
D:2 !


Innate Abilities, Weirdness & Mutations

You have a pair of horns on your head.
You reflexively headbutt those who attack you in melee.
Your flesh is heat resistant. (rF+)


Message History

Your +1 spectral long sword hits something!
Something hits you.
* * * LOW HITPOINT WARNING * * *
Something misses your +1 spectral long sword.
The hornet misses your +1 spectral long sword.
The water moccasin bites you.
* * * LOW HITPOINT WARNING * * *
You are poisoned.
The water moccasin poisons you!
Something closely misses your +1 spectral long sword.
Something misses your +1 spectral long sword.
The hound bites you but does no damage.
As you read the scroll of teleportation, it crumbles to dust.
You feel strangely unstable.
* * * LOW HITPOINT WARNING * * *
You feel very sick.
Something hits you but does no damage. x2
The water moccasin bites you but does no damage.
The hound bites you but does no damage.
You hear some strange, mumbled words.
You are confused.
The hornet stings you but does no damage.
The water moccasin bites you but does no damage.
It was a potion of haste.
You feel yourself speed up.
You feel sick. Something hits you but does no damage.
The hound completely misses you. The hornet stings you.
* * * LOW HITPOINT WARNING * * *
You feel yourself slow down. Something hits you but does no damage.
Something bites you but does no damage.
The water moccasin bites you but does no damage.
The hound bites you but does no damage.
It was a potion of degeneration.
There was something very wrong with that liquid.
You feel weakened.
You feel dopey.
You feel clumsy.
You feel yourself speed up.
* * * LOW HITPOINT WARNING * * *
You feel sick. Something hits you.
* * * LOW HITPOINT WARNING * * *
The hornet stings you.
You die...

####... #..... ### .....
#.## .... ...#
##..#########
...###...#.....#.## .#.
#..##....#.###.#5.##...#
....##.....# #)hS{yo....
....####.#.##..#@y##...
.#.####..#....##.##
##..##†..##### ###
.##.....## ..##...##
..###.## ...##.# ......#
......#


You could see a hornet, a water moccasin, a vampire mosquito, a hound, a shadow
imp and an orc.

Vanquished Creatures
  Pikel (D:6)
  A hornet (D:7)
  Grinder (D:4)
  2 water moccasins (D:7)
  2 orc warriors
  2 sky beasts (D:6)
  An ice beast (D:6)
  2 ogres (D:5)
  2 black bears
  A centaur (D:5)
  A lemure (D:6)
  A phantom (D:5)
  A kobold brigand (D:7)
  3 bullfrogs
  A gnoll sergeant (D:7)
  A necrophage (D:7)
  2 scorpions
  3 wights (D:6)
  A gnoll bouda (D:7)
  A hound (D:6)
  A jelly (D:5)
  7 orc priests
  3 iguanas
  4 orc wizards
  Robin (D:3)
  6 gnolls (D:7)
  An adder (D:4)
  5 white imps
  An ufetubus (D:6)
  2 worms
  4 dart slugs
  19 orcs
  6 bats
  4 endoplasms
  A giant cockroach (D:3)
  10 hobgoblins
  8 jackals
  3 quokkas
  8 ball pythons
  6 frilled lizards
  20 goblins
  10 kobolds
  6 rats
166 creatures vanquished.

Notes
Turn   | Place    | Note
-------+----------+-------------------------------------------
     0 | D:1      | Peloso the Minotaur Fighter began the quest for the Orb.
     0 | D:1      | Reached XP level 1. HP: 19/19 MP: 0/0
   277 | D:1      | Reached XP level 2. HP: 25/27 MP: 1/1
   559 | D:1      | Reached XP level 3. HP: 29/33 MP: 2/2
   891 | D:1      | Gained mutation: Your flesh is heat resistant. (rF+)
                  | [potion of mutation]
  1233 | D:2      | Found Ykkazopy's Distillery.
  1659 | D:2      | Found a faded altar of an unknown god.
  1813 | D:3      | Reached XP level 4. HP: 40/40 MP: 3/3
  1816 | D:3      | Noticed Robin
  1841 | D:3      | Killed Robin
  2378 | D:4      | Noticed Grinder
  2381 | D:4      | Paralysed by Grinder for 3 turns
  2508 | D:3      | Reached XP level 5. HP: 46/46 MP: 4/4
  2620 | D:4      | Killed Grinder
  2621 | D:4      | Reached skill level 5 in Long Blades
  2621 | D:4      | Reached skill level 5 in Armour
  2621 | D:4      | Reached skill level 1 in Dodging
  2621 | D:4      | Reached XP level 6. HP: 18/53 MP: 5/5
  3009 | D:4      | Found a staircase to the Ecumenical Temple.
  3041 | Temple   | Entered the Ecumenical Temple
  3587 | D:4      | Identified a scroll of acquirement
  3622 | D:5      | Entered Level 5 of the Dungeon
  3757 | D:5      | Found a hazy altar of Hepliaklqana.
  3758 | D:5      | Found a white marble altar of Elyvilon.
  3761 | D:5      | Found an ancient bone altar of Kikubaaqudgha.
  3762 | D:5      | Found an opulent altar of Gozag.
  3762 | D:5      | Found a burning altar of Makhleb.
  3762 | D:5      | Found a shimmering altar of Xom.
  3762 | D:5      | Found a sparkling altar of Nemelex Xobeh.
  3765 | D:5      | Found a glowing silver altar of Zin.
  3851 | D:5      | Reached XP level 7. HP: 58/60 MP: 6/6
  4144 | D:5      | Reached skill level 5 in Fighting
  4144 | D:5      | Reached skill level 5 in Shields
  4356 | D:5      | Reached XP level 8. HP: 56/68 MP: 7/7
  5529 | D:6      | Reached skill level 1 in Stealth
  5627 | D:6      | Noticed Pikel
  5648 | D:6      | Killed Pikel
  5649 | D:6      | Reached XP level 9. HP: 23/75 MP: 8/8
  6441 | D:7      | Reached skill level 10 in Long Blades
  6776 | D:7      | Reached skill level 10 in Armour
  6899 | D:7      | HP: 2/78 [something (3)]
  6899 | D:7      | Slain by a hornet

Illustrated notes

Levels and vault maps discovered:
D:1:      mrwooster_arrival_statue_2, layout_basic, hangedman_feature_mirror,
          minivault_19, chequers_serial_rivers_marsh,
          wad_floor_pattern_untrapped
D:2:      layout_loops_corners, ebering_ecumenical_altar_webs, serial_shops,
          shop, st_stairs_5, palyth_stone_intersect
D:3:      layout_rooms, uniq_robin
D:4:      layout_cave_pools, minmay_temple_entry_offerings,
          nicolae_kite_square_tiling_tiny, uniq_grinder
D:5:      layout_layer_cave, minitemple, kennysheep_nub,
          minmay_misc_feat_secret_circle, kennysheep_generic_room_5
D:6:      layout_basic, uniq_pikel
D:7:      minmay_the_grid_octo_tiled_squarecenter
          [minmay_the_grid_octo_concentric, minmay_the_grid_octo_toaster,
          minmay_the_grid_octo_tetromino_candy, minmay_the_grid_octo_clover_2,
          minmay_the_grid_square_5x5_megaprize_crossed,
          minmay_the_grid_square_5x5_moneybag, minmay_the_grid_square_5x5_empty,
          minmay_the_grid_square_5x5_slash, minmay_the_grid_square_5x5_bite],
          layout_cave_pools, serial_glass, glass_columns_a, glass_columns_b,
          chequers_serial_rivers_micro_a, minmay_bent
Temple:   hellmonk_temple_two_chambers

Skill      XL: |  1  2  3  4  5  6  7  8  9 |
---------------+----------------------------+-----
Armour         | 4 5 6 7 9 10 | 10.2
Shields        | 4 5 6 |  6.3
Fighting       | 4 5 6 |  6.7
Long Blades    | 3 4 5 6 7 9 10 | 10.7
Dodging        | 1 2 |  2.2
Stealth        | 1 2 |  2.3

Action                   |  1- 3 |  4- 6 |  7- 9 || total
-------------------------+-------+-------+-------++-------
Melee: Long sword        |   118 |    69 |   175 ||   362
       Headbutt          |     9 |    10 |    38 ||    57
  Use: Scroll            |     3 |     2 |     3 ||     8
       Potion            |     1 |       |     2 ||     3
 Stab: Distracted        |       |       |     3 ||     3
Armor: Scale mail        |    62 |    20 |       ||    82
       Chain mail        |       |    22 |       ||    22
       Plate armour      |       |    22 |   132 ||   154
Dodge: Dodged            |    64 |    34 |    50 ||   148
Block: Buckler           |    30 |    25 |    41 ||    96
